 Dungeon Crawl Stone Soup version 0.31-a0-263-ge8cad7f256 (webtiles) character file.

Game seed: 8105992412533116227

223 qw the Shooter (level 5, -9/45 HPs)
             Began as a Minotaur Hexslinger on July 13, 2023.
             Mangled by Duvessa
             ... wielding a +0 short sword
              (10 damage)
             ... on level 4 of the Dungeon.
             The game lasted 00:01:07 (2690 turns).

qw the Shooter (Minotaur Hexslinger)                Turns: 2690, Time: 00:01:08

Health: -9/45      AC:  5    Str: 19    XL:     5   Next: 66%
Magic:  5/5        EV: 11    Int: 10    God:
Gold:   108        SH:  0    Dex: 14    Spells: 5/6 levels left

rFire   . . .        Y - +1 sling
rCold   . . .        (no shield)
rNeg    . . .        h - +0 ring mail
rPois   .            (helmet restricted)
rElec   .            (no cloak)
rCorr   .            (no gloves)
SInv    .            (no boots)
Will    .....        (no amulet)
Stlth   +            b - +6 ring of strength
HPRegen 0.27/turn    (no ring)
MPRegen 0.09/turn

%: no passive effects
@: no status effects
A: horns 2, retaliatory headbutt
a: no special abilities


You were on level 4 of the Dungeon.
You visited 1 branch of the dungeon, and saw 4 of its levels.

You collected 108 gold pieces.


Innate Abilities, Weirdness & Mutations

You have a pair of horns on your head.
You reflexively headbutt those who attack you in melee.


   Skills:
 - Level 3.4 Fighting
 + Level 5.6 Ranged Weapons
 - Level 1.4 Armour
 - Level 2.1 Dodging
 - Level 1.0 Spellcasting
 - Level 2.0 Hexes


You had 5 spell levels left.
You knew the following spells:

 Your Spells              Type           Power      Damage    Failure   Level
a - Slow                  Hex            16%        N/A       26%         1

Your spell library contained the following spells:

 Spells                   Type           Power      Damage    Failure   Level
 Inner Flame              Hex/Fire       2%         N/A       75%         3
 Portal Projectile        Hex/Tloc       4%         N/A       75%         3
 Cause Fear               Hex            2%         N/A       95%         4

Inventory:

Hand Weapons
 Y - a +1 sling (weapon)
Armour
 h - a +0 ring mail (worn)
Jewellery
 b - a +6 ring of strength (left hand)
Potions
 a - a potion of heal wounds {unknown}
 c - a potion of cancellation {unknown}
 d - a potion of might {unknown}
 e - a potion of lignification {unknown}
 j - a potion of berserk rage {unknown}

Dungeon Overview and Level Annotations

Branches:
Dungeon (4/15)
 Temple: D:4-7

Altars:

Annotations:
D:4 Dowan, Duvessa


Message History

Dowan, Brother of Duvessa comes into view.
He is wielding a +0 dagger and wearing a +1 robe of resistance.
You hear a shout!
You shoot a sling bullet. The sling bullet misses Dowan.
Dowan gestures at you while chanting. The puff of frost hits you!
Dowan casts a spell at something.
You shoot a sling bullet.
The sling bullet closely misses the orc wizard.
Duvessa, Sister of Dowan comes into view.
She is wielding a +0 short sword.
You shoot a sling bullet. The sling bullet hits the orc wizard.
The orc wizard is lightly wounded.
You shoot a sling bullet.
The sling bullet closely misses the orc wizard.
The orc wizard completely misses you. You furiously retaliate!
You headbutt the orc wizard. You shoot a sling bullet.
The sling bullet barely misses the orc wizard.
The orc wizard hits you but does no damage.
Duvessa hits you with a +0 short sword.
You shoot a sling bullet.
The sling bullet closely misses the orc wizard.
You hear a shout!
The orc wizard misses you. Duvessa hits you with a +0 short sword.
Dowan barely misses you. The orc wizard closely misses you.
You furiously retaliate!
You headbutt the orc wizard.
A goblin comes into view. It is wielding a +0 dagger.
You hear a shout!
You shoot a sling bullet.
The sling bullet closely misses the orc wizard.
Duvessa hits you but does no damage. Duvessa hits you with a +0 short sword.
The orc wizard hits you with a +0 dagger.
Dowan hits you with a +0 dagger.
You shoot a sling bullet. The sling bullet hits the orc wizard.
You kill the orc wizard!
Duvessa hits you with a +0 short sword. Duvessa hits you with a +0 short sword!
Dowan hits you with a +0 dagger.
You shoot a sling bullet.
The sling bullet hits Duvessa but does no damage.
Duvessa hits you with a +0 short sword!
You die...

#
#.#.#.#...###..
#.#.#.#.#....#.#
#.
#.#.#.#.#.....#
..# #...#...#
...#...
#.<.#...##.. #..
#...#...#.###.#
#.#.#.#.#.....##
#.#.#.#.#...)..#
#
#.#.#.#..@g.#...
.#...#...ee.# .
...##...$.# .
...#.###.#..
.#.. ###.. #..
### #..


You could see Duvessa (fast), Dowan and a goblin.

Vanquished Creatures
  An orc priest (D:3)
  3 orc wizards
  4 adders
  5 worms
  2 dart slugs
  5 orcs (D:3)
  5 endoplasms (D:1)
  3 giant cockroaches
  3 goblins
  4 hobgoblins
  4 quokkas
  6 ball pythons
  6 bats
  4 frilled lizards
  3 kobolds
  9 rats
67 creatures vanquished.

Notes
Turn   | Place    | Note
-------+----------+-------------------------------------------
     0 | D:1      | qw the Minotaur Hexslinger began the quest for the Orb.
     0 | D:1      | Reached XP level 1. HP: 16/16 MP: 1/1
     0 | D:1      | 0 ||| qw: Version: 0.3-a-52-g30416fa
     0 | D:1      | 0 ||| qw: Game counter: 7047
     0 | D:1      | 0 ||| qw: Melee chars always use a shield: true
     0 | D:1      | 0 ||| qw: God list: Okawaru
     0 | D:1      | 0 ||| qw: Allow faded altars: false
     0 | D:1      | 0 ||| qw: Do Orc after clearing Dungeon:15 true
     0 | D:1      | 0 ||| qw: Do second Lair branch before Depths: true
     0 | D:1      | 0 ||| qw: Lair rune preference: random
     0 | D:1      | 0 ||| qw: Goals: Normal
     0 | D:1      | 0 ||| PLANNING D:1-11
   151 | D:1      | Reached skill level 3 in Ranged Weapons
   168 | D:1      | Reached XP level 2. HP: 23/23 MP: 2/2
   753 | D:1      | 753 ||| UPGRADING to +0 ring mail.
   763 | D:1      | 763 ||| DROPPING +0 robe.
   764 | D:1      | 764 ||| READING scroll labelled ORUEDI GUJAD.
   767 | D:1      | 767 ||| READING scroll labelled NYTA QUDUYPIZ.
   768 | D:1      | 768 ||| READING scroll labelled HEETTE REAZOVO.
   769 | D:1      | 769 ||| DRINKING 2 bubbling red potions.
   770 | D:1      | 770 ||| DROPPING scroll of poison.
   835 | D:2      | Reached XP level 3. HP: 29/29 MP: 3/3
   944 | D:2      | Reached skill level 4 in Ranged Weapons
  1132 | D:2      | Reached skill level 1 in Armour
  1258 | D:2      | Found a faded altar of an unknown god.
  1409 | D:2      | Reached XP level 4. HP: 36/36 MP: 4/4
  1512 | D:2      | 1512 ||| DRINKING potion of curing.
  1512 | D:2      | 1512 ||| (to cure poison)
  1879 | D:2      | 1879 ||| UPGRADING to +6 ring of strength.
  1880 | D:2      | 1880 ||| READING scroll labelled ZEOKAKIZIE.
  1981 | D:2      | 1981 ||| READING scroll labelled YLAGOY SYSO.
  1982 | D:2      | 1982 ||| READING scroll labelled YDGHUE VIZATYG.
  2131 | D:3      | Reached skill level 5 in Ranged Weapons
  2141 | D:3      | 2141 ||| FLEEEEING.
  2243 | D:3      | Reached XP level 5. HP: 41/41 MP: 5/5
  2273 | D:3      | Reached skill level 3 in Fighting
  2295 | D:3      | 2295 ||| FLEEEEING.
  2297 | D:3      | 2297 ||| FLEEEEING.
  2298 | D:3      | 2298 ||| FLEEEEING.
  2299 | D:3      | 2299 ||| FLEEEEING.
  2300 | D:3      | 2300 ||| FLEEEEING.
  2301 | D:3      | 2301 ||| FLEEEEING.
  2302 | D:3      | 2302 ||| FLEEEEING.
  2304 | D:3      | 2304 ||| FLEEEEING.
  2305 | D:3      | 2305 ||| FLEEEEING.
  2314 | D:3      | 2314 ||| STAIRDANCE
  2681 | D:4      | Noticed Dowan
  2683 | D:4      | Noticed Duvessa
  2689 | D:4      | HP: 4/45 [Duvessa/+0 short sword (11)]
  2689 | D:4      | HP: 1/45 [Dowan/+0 dagger (3)]
  2690 | D:4      | Mangled by Duvessa

Levels and vault maps discovered:
D:1:      heliophobic_arrival_battle_scene, layout_loops_ring
D:2:      layout_basic, ebering_ecumenical_altar_sacrificial
D:3:      layout_rooms
D:4:      nicolae_BIG_FREAKIN_CUBE, layout_rooms, nicolae_elyvilon_temple_path,
          serial_shops, shop, corexii_hall_statues_x, uniq_duvessa

Skill      XL: |  1  2  3  4  5 |
---------------+----------------+-----
Ranged Weapons | 3 4 5 |  5.6
Fighting       | 2 3 |  3.4
Armour         | 1 |  1.4
Dodging        | |  2.1
Spellcasting   | |  1.0
Hexes          | |  2.0

Action                     |  1- 3 |  4- 6 || total
---------------------------+-------+-------++-------
   Fire: Sling             |   159 |   110 ||   269
    Use: Scroll            |     3 |     3 ||     6
         Potion            |     1 |     1 ||     2
 Armour: Robe              |     1 |       ||     1
         Ring mail         |     7 |    26 ||    33
  Dodge: Dodged            |    37 |    19 ||    56

Table legend:
 A = Non-vault XP
 B = Vault XP
 C = Vault XP percentage of total XP
 D = Non-vault monster count
 E = Vault monster count
 F = Vault count percentage of total count
                 A         B        C        D         E       F
            +---------+---------+-------+---------+---------+-------
      Total |     319 |       0 |   0.0 |      67 |       0 |   0.0
            +---------+---------+-------+---------+---------+-------
        D:1 |      37 |       0 |   0.0 |      24 |       0 |   0.0
        D:2 |      83 |       0 |   0.0 |      22 |       0 |   0.0
        D:3 |     162 |       0 |   0.0 |      19 |       0 |   0.0
        D:4 |      37 |       0 |   0.0 |       2 |       0 |   0.0
            +---------+---------+-------+---------+---------+-------
